 Dungeon Crawl Stone Soup version 0.28-a0-172-g787e458d71 (webtiles) character file.

Game seed: 9183749716118170295

113 runemasterragnar the Ducker (level 4, -2/22 HPs)
             Began as a Felid Monk on Aug 16, 2021.
             Was a Priest of Ru.
             Splashed by a jelly's acid (10 damage)
             ... on level 4 of the Dungeon.
             The game lasted 00:07:34 (4424 turns).

runemasterragnar the Ducker (Felid Monk)            Turns: 4424, Time: 00:07:35

Health: -2/22      AC: -3    Str:  7    XL:     4   Next: 65%
Magic:  5/5        EV: 20    Int: 12    God:    Ru [***...]
Gold:   220        SH:  0    Dex: 19    Spells: 3/3 levels left
                                        Lives:  0   Deaths: 1

rFire   . . .      SeeInvis +     - Unarmed
rCold   . . .      Faith    .   (shield unavailable)
rNeg    . . .      Spirit   .   (armour unavailable)
rPois   .          Reflect  .   (helmet unavailable)
rElec   .          Harm     .   (cloak unavailable)
rCorr   .          Rampage  .   (gloves unavailable)
Will    .....                   (boots unavailable)
Stlth   +++.......              (no amulet)
HPRegen 0.07/turn               (ring unavailable)
MPRegen 0.09/turn               (no ring)

@: corroded, quick
A: very small, claws 1, fangs 3, see invisible, speed 1, shaggy fur 1, missing a
hand, stealthy paws, no weapons or thrown items, no armour, multi-lived
a: Renounce Religion, Draw Out Power


You were on level 4 of the Dungeon.
You worshipped Ru.
Ru was most pleased with you.
You visited 1 branch of the dungeon, and saw 5 of its levels.

You collected 220 gold pieces.

Inventory:

Magical Staves
 k - a staff of fire
Scrolls
 c - a scroll of enchant weapon {unknown}
 d - a scroll of fog
 e - a scroll of identify {unknown}
 f - a scroll of fear {unknown}
Potions
 b - a potion of degeneration


   Skills:
 + Level 4.1 Fighting
 + Level 5.5 Dodging
 + Level 4.7 Stealth
 + Level 4.1 Unarmed Combat


You had 3 spell levels left.
You didn't know any spells.
Your spell library contained the following spells:

 Spells                   Type           Power      Damage    Failure   Level
 Foxfire                  Conj/Fire      0%         2x1d4     32%         1
 Sublimation of Blood     Necr           0%         N/A       45%         2
 Wereblood                Tmut           0%         N/A       45%         2
 Conjure Flame            Conj/Fire      0%         6-21      69%         3
 Inner Flame              Hex/Fire       0%         N/A       69%         3
 Summon Hydra             Summ           0%         N/A       100%        7


Dungeon Overview and Level Annotations

Branches:
Dungeon (5/15)             Temple (0/1) D:4

Altars:
Kikubaaqudgha
Ru

Annotations:
D:2 Sigmund


Innate Abilities, Weirdness & Mutations

You have sharp claws.
You have razor-sharp teeth.
You have supernaturally acute eyesight. (SInv)
You cover ground quickly. (Speed+)
You are covered in fur. (AC +1)
You are missing a hand.
Your paws help you pounce on unaware monsters.
You are incapable of wielding weapons or throwing items.
You cannot wear armour.
You gain extra lives every three experience levels.


Message History

You now have 220 gold pieces (gained 16).
An orc priest is nearby!
An orc priest is nearby!
An orc priest is nearby!
An orc priest is nearby!
Unknown command.
The orc priest miscasts a cantrip.
(D) Dungeon (T) Temple
Where to? (Enter - D:2, ? - help)
What level of the Dungeon? (default 1, ? - help)
There is a stone staircase leading down here.
You climb downwards.
There is a stone staircase leading up here.
You see here 23 stones.
There is a stone staircase leading down here.
There is a stone staircase leading down here.
You climb downwards.
The jelly completely misses you.
There is a stone staircase leading up here.
A jelly is nearby!
There is a stone staircase leading down here.
The jelly misses you.
You climb downwards.
Found a scroll labelled SUOGGU JIKH and 22 stones.
There is a stone staircase leading up here.
The jelly closely misses you.
You climb upwards.
There is a stone staircase leading down here.
You scratch the jelly.
Your paw burns!
The jelly is lightly wounded.
The jelly completely misses you.
You scratch the jelly.
Your paw burns!
The jelly is moderately wounded.
The jelly closely misses you.
You scratch the jelly.
Your paw burns!
The jelly is moderately wounded.
The jelly closely misses you.
You scratch the jelly. The acid corrodes you!
Your paw burns!
The jelly is moderately wounded.
The jelly hits you.
You are splashed with acid!
You die...

..........+...#........#.....#..#
.###.....)#...#........#.....#...
.P#P..P...#..###########.....'...
.P.....####..#...............#..#
.....P#......#..........###'##..#
#...###......#.>.[......#...#...'
######.......#..........#...#...#
#.......#....############..#
#.......#..@.# #...##..#
#..###'##.<.J# #.......#
#..........>.####+##.......#
#..................#...##...
######..................###.##...
........................#........
................[.......#.....<.#
......#'##########).....#...##..#
......#..>.......#......######...


You could see a jelly.

Vanquished Creatures
  A jelly (D:4)
  2 orc priests (D:2)
  A gnoll (D:5)
  3 adders (D:3)
  A shadow imp (D:5)
  An adder skeleton (D:5)
  A worm (D:3)
  6 orcs
  7 endoplasms
  5 giant cockroaches
  11 goblins
  7 hobgoblins
  3 jackals (D:3)
  A quokka (D:4)
  11 ball pythons
  4 bats
  4 frilled lizards
  2 kobolds
  3 rats (D:3)
74 creatures vanquished.

Notes
Turn   | Place    | Note
-------+----------+-------------------------------------------
     0 | D:1      | runemasterragnar the Felid Monk began the quest for the
                  | Orb.
     0 | D:1      | Reached XP level 1. HP: 10/10 MP: 2/2
   489 | D:1      | Reached XP level 2. HP: 14/14 MP: 3/3
  1507 | D:3      | Reached XP level 3. HP: 15/17 MP: 4/4
  2284 | D:3      | Reached XP level 4. HP: 21/21 MP: 5/5
  3028 | D:4      | Found an ancient bone altar of Kikubaaqudgha.
  3147 | D:4      | Reached skill level 5 in Dodging
  3148 | D:4      | Found a sacrificial altar of Ru.
  3167 | D:4      | Became a worshipper of Ru the Awakened
  3172 | D:4      | Gained mutation: You are missing a hand. [Ru sacrifice]
  3172 | D:4      | Reached * piety under Ru
  3172 | D:4      | Reached ** piety under Ru
  3172 | D:4      | Reached *** piety under Ru
  3482 | D:4      | Found a staircase to the Ecumenical Temple.
  3612 | D:5      | Entered Level 5 of the Dungeon
  3619 | D:5      | Reached XP level 5. HP: 25/25 MP: 6/6
  3699 | D:5      | Noticed an ogre
  3707 | D:5      | Noticed a water moccasin
  4152 | D:2      | Noticed Sigmund
  4282 | D:2      | Found a faded altar of an unknown god.
  4305 | D:2      | Killed from afar by an orc wizard
  4306 | D:2      | Reached XP level 4. HP: -3/22 MP: 5/5
  4424 | D:4      | Splashed by a jelly's acid

Illustrated notes

Levels and vault maps discovered:
D:1:      dpeg_arrival_pits, layout_loops_ring, fountainhead, minmay_domino_2
D:2:      cheibrodos_pilgrimage, layout_basic,
          ebering_ecumenical_altar_sacrificial, uniq_sigmund
D:3:      minmay_diamond_boxcup, layout_loops_ring, minmay_misc_feat_columns
D:4:      layout_gridville, nicolae_ru_sacrificial_ziggurat,
          kiku_gazebo_garden_becter, minmay_temple_entry_ruins
D:5:      layout_loops_cross, mainiacjoe_overflow_alcove_4,
          minmay_misc_feat_hallway, st_stairs_10

Skill      XL: |  1  2  3  4  5 |
---------------+----------------+-----
Stealth        | 3 4 |  4.7
Dodging        | 5 |  5.5
Fighting       | 4 |  4.1
Unarmed Combat | 4 |  4.1

Action                   |  1- 3 |  4- 6 || total
-------------------------+-------+-------++-------
Melee: Unarmed           |   100 |    94 ||   194
       Bite              |     7 |     6 ||    13
       Punch             |       |     1 ||     1
Invok: Sacrifice a Hand  |       |     1 ||     1
  Use: Potion            |     3 |     7 ||    10
       Scroll            |       |     5 ||     5
 Stab: Sleeping          |    14 |    10 ||    24
Armor: Skin              |     2 |     3 ||     5
Dodge: Dodged            |    82 |    69 ||   151

Table legend: (Time is in decaauts)
 A = Elapsed time spent in this place.
 B = Non-inter-level travel time spent in this place.
 C = Inter-level travel time spent in this place.
 D = Time resting spent in this place.
 E = Time spent auto-exploring this place.
 F = Levels seen in this place.
 G = Mean time per level.
                   A        B        C        D        E       F      G
               +--------+--------+--------+--------+--------+-----+--------+
         Total |   3890 |   3715 |    175 |    160 |   2935 |   5 |  778.0 |
       Dungeon |   3890 |   3715 |    175 |    160 |   2935 |   5 |  778.0 |
               +--------+--------+--------+--------+--------+-----+--------+

Top non-repeatable levels by time:
     D:3: 1412 daAuts
     D:1: 994 daAuts
     D:2: 753 daAuts
     D:4: 615 daAuts
     D:5: 114 daAuts
